 Dungeon Crawl Stone Soup version 0.30-a0-374-g95c0257040 (webtiles) character file.

Game seed: 1283649263396722491

1730 Bnni the Spear-Bearer (level 9, 0/72 HPs)
             Began as a Formicid Fighter on Nov 27, 2022.
             Was an Initiate of Yredelemnul.
             Succumbed to a gnoll's poison
             ... on level 4 of the Dungeon.
             The game lasted 00:11:18 (4746 turns).

Bnni the Spear-Bearer (Formicid Fighter)            Turns: 4746, Time: 00:11:19

Health: 0/72       AC: 11    Str: 24 (26) XL:     9   Next: 25%
Magic:  11/11      EV: 11    Int:  6 (7)  God:    Yredelemnul [......]
Gold:   194        SH:  5    Dex: 11 (13) Spells: 8/8 levels left

rFire   . . .      SeeInvis +    a - +1 trident
rCold   . . .      Faith    .    c - +0 buckler
rNeg    . . .      Spirit   .    e - +0 chain mail
rPois   .          Reflect  .    (helmet unavailable)
rElec   .          Harm     .    y - +0 cloak
rCorr   .          Rampage  .    f - +0 pair of gloves
Will    .....                    (no boots)
Stlth   ..........               (no amulet)
HPRegen 0.32/turn                h - +4 ring of evasion
MPRegen 0.12/turn                (no ring)

@: lethally poisoned (0 -> -10), weakened
A: permanent stasis, dig shafts and tunnels, antennae 3, four strong arms
a: Dig, Shaft Self, Renounce Religion, Recall Undead Harvest


You were on level 4 of the Dungeon.
You worshipped Yredelemnul.
Yredelemnul was noncommittal.
You visited 2 branches of the dungeon, and saw 7 of its levels.

You collected 224 gold pieces.
You spent 30 gold pieces at shops.

Inventory:

Hand Weapons
 a - a +1 trident (weapon)
 g - a +1 dagger of venom
Missiles
 o - 3 curare-tipped darts (quivered)
 p - 7 poisoned darts
 x - 2 boomerangs
 A - a throwing net
Armour
 c - a +0 buckler (worn)
 e - a +0 chain mail (worn)
 f - a +0 pair of gloves (worn)
 y - a +0 cloak (worn)
Jewellery
 h - a +4 ring of evasion (left hand)
Scrolls
 l - 2 scrolls of enchant armour {unknown}
 q - 2 scrolls of enchant weapon
 r - a scroll of blinking {unknown}
 s - 2 scrolls of identify {unknown}
 t - a scroll of torment {unknown}
 u - 2 scrolls of poison {unknown}
 v - a scroll of noise {unknown}
 w - a scroll of immolation {unknown}
Potions
 b - a potion of attraction {unknown}
 d - a potion of brilliance {unknown}
 i - 2 potions of curing {unknown}
 j - 3 potions of flight {unknown}
 k - a potion of invisibility {unknown}
 m - 2 potions of degeneration
 n - a potion of haste {unknown}
 z - a potion of mutation {unknown}


   Skills:
 + Level 7.5 Fighting
 * Level 9.0 Polearms
 - Level 3.2 Armour
 - Level 5.0 Shields
 + Level 2.8 Invocations


You had 8 spell levels left.
You didn't know any spells.
Your spell library contained the following spells:

 Spells                   Type           Power      Damage    Failure   Level
 Beastly Appendage        Tmut           0%         N/A       99%         1
 Cigotuvi's Dreadful Rot  Necr/Pois/Air  0%         N/A       100%        2
 Poisonous Vapours        Pois/Air       0%         N/A       100%        2
 Wereblood                Tmut           0%         N/A       100%        2
 Mephitic Cloud           Conj/Pois/Air  0%         N/A       100%        3
 Spider Form              Tmut/Pois      0%         N/A       100%        3


Dungeon Overview and Level Annotations

Branches:
Dungeon (6/15)             Temple (1/1) D:4

Altars:
Cheibriados
Elyvilon
Fedhas
Gozag
Hepliaklqana
Makhleb
Okawaru
Qazlal
Sif Muna
Trog
Vehumet
Wu Jian
Xom
Yredelemnul
Zin
The Shining One

Shops:
D:6 **(

Annotations:
Temple 2 transporters


Innate Abilities, Weirdness & Mutations

You cannot be hasted, slowed, berserked, paralysed or teleported.
You can dig through walls and to a lower floor.
You have a pair of large antennae on your head. (SInv)
Your four strong arms can wield two-handed weapons with a shield.


Message History

You feel as though you will be weak longer.
The gnoll bouda hits you but does no damage.
The gnoll hits your gnoll zombie with a +0 club.
The gnoll bouda attacks as you move away!
The gnoll bouda hits you but does no damage.
You feel sick.
Your gnoll zombie hits the gnoll bouda.
The gnoll closely misses you.
The gnoll hits something with a +0 club!
The gnoll bouda barks out a call to the hunt!
The gnoll picks up the pace!
The gnoll attacks as you move away!
The gnoll hits you with a +1 whip of venom.
* * * LOW HITPOINT WARNING * * *
You are more poisoned.
You feel very sick.
Your gnoll zombie hits the gnoll bouda.
Things that are here:
a +0 club; a +1 flail of venom You feel sick.
Things that are here:
a +0 hand axe; a +0 chain mail Unknown command.
The gnoll attacks as you move away! You block the gnoll's attack.
You feel sick.
The gnoll bouda utters an invocation to its god.
The gnoll bouda is healed somewhat.
The gnoll closely misses you.
There is a stone staircase leading up, spattered with blood here.
Unknown command.
You feel sick.
The gnoll hits you with a +1 whip of venom.
* * * LOW HITPOINT WARNING * * *
You are lethally poisoned!
You climb upwards.
* * * LOW HITPOINT WARNING * * *
You feel very sick.
There is a stone staircase leading down here.
It was a potion of degeneration.
There was something very wrong with that liquid.
You feel weakened.
You feel dopey.
You feel clumsy.
You die...
Your body rises from the dead as a mindless zombie.

#.......#
#.......##########
#.......##........
######.......##.##.....
#...............##.....
#.####.......#####.....
#.# #.......#####.....
#.# #.g.....).........
#.# #@................
#.# #.................
#.# #..####)##........
#.# #...........[[....
#.####.#####.##.#[.....
#....#.#...#.#.........
####.#.#.....#.#.#.....
###.#.###.......###..#
#...#.# #####.### ##.#


You could see a gnoll (swift).

Vanquished Creatures
  Eustachio (D:4)
  A water moccasin (D:6)
  2 sky beasts (D:6)
  2 black bears
  2 ogres (D:5)
  A kobold brigand (D:6)
  2 phantoms
  A bullfrog (D:6)
  5 scorpions
  A howler monkey (D:5)
  A jelly (D:4)
  2 iguanas
  2 orc wizards (D:4)
  3 gnolls (D:5)
  3 adders
  An ufetubus (D:4)
  2 worms (D:3)
  2 dart slugs (D:1)
  11 orcs
  9 ball pythons
  5 endoplasms
  2 giant cockroaches (D:1)
  11 goblins
  7 hobgoblins
  3 jackals (D:4)
  2 quokkas
  7 bats
  3 frilled lizards
  12 kobolds
  5 rats
111 creatures vanquished.

Vanquished Creatures (collateral kills)
  3 gnolls (D:5)
  An orc (D:5)
4 creatures vanquished.

Vanquished Creatures (others)
  An orc wizard (D:4)
  A howler monkey zombie (D:5)
  2 gnoll zombies (D:5)
  5 orc zombies
9 creatures vanquished.

Grand Total: 124 creatures vanquished

Notes
Turn   | Place    | Note
-------+----------+-------------------------------------------
     0 | D:1      | Bnni the Formicid Fighter began the quest for the Orb.
     0 | D:1      | Reached XP level 1. HP: 18/18 MP: 1/1
   110 | D:1      | Reached XP level 2. HP: 24/24 MP: 2/2
   335 | D:1      | Reached XP level 3. HP: 28/29 MP: 3/3
  1531 | D:3      | Reached skill level 5 in Shields
  1535 | D:3      | Reached XP level 4. HP: 34/37 MP: 4/4
  1541 | D:3      | Reached skill level 3 in Polearms
  1577 | D:3      | You fall into a shaft and drop 3 floors!
  1587 | D:6      | Noticed a water moccasin
  1598 | D:6      | Killed a water moccasin
  1599 | D:6      | Reached skill level 4 in Polearms
  1599 | D:6      | Reached XP level 5. HP: 32/43 MP: 5/5
  1736 | D:6      | Found Ecohiorgh's General Store.
  1746 | D:6      | Bought 5 curare-tipped darts for 30 gold pieces
  1775 | D:6      | Reached XP level 6. HP: 49/49 MP: 6/6
  1838 | D:6      | Noticed a sky beast
  1846 | D:6      | Killed a sky beast
  1847 | D:6      | Reached skill level 5 in Fighting
  1847 | D:6      | Reached skill level 5 in Polearms
  1907 | D:6      | Noticed a sky beast
  1916 | D:6      | Killed a sky beast
  1917 | D:6      | Reached XP level 7. HP: 56/56 MP: 7/7
  1926 | D:6      | Reached skill level 6 in Polearms
  2079 | D:6      | Found Jiobep's Weapon Emporium.
  2175 | D:6      | Found Askeila's Assorted Antiques.
  2275 | D:6      | Reached skill level 7 in Polearms
  2275 | D:6      | Reached XP level 8. HP: 48/64 MP: 8/8
  2335 | D:5      | Entered Level 5 of the Dungeon
  3063 | D:3      | Found a hazy altar of Hepliaklqana.
  3421 | D:3      | Found an opulent altar of Gozag.
  3569 | D:4      | Found a white marble altar of Elyvilon.
  3579 | D:4      | Reached skill level 8 in Polearms
  3955 | D:4      | Found a staircase to the Ecumenical Temple.
  3966 | Temple   | Entered the Ecumenical Temple
  3966 | Temple   | Found a transporter.
  3966 | Temple   | Found a transporter.
  3978 | Temple   | Found a transporter.
  3978 | Temple   | Found a transporter.
  3995 | Temple   | Became a worshipper of Yredelemnul the Dark
  4079 | D:4      | Reached * piety under Yredelemnul
  4153 | D:4      | Noticed Eustachio
  4159 | D:4      | Reached skill level 1 in Invocations
  4185 | D:4      | Killed Eustachio
  4186 | D:4      | Reached XP level 9. HP: 39/72 MP: 8/10
  4655 | D:5      | Reached skill level 9 in Polearms
  4745 | D:4      | HP: 1/72 [poisoned by a gnoll]
  4746 | D:4      | Succumbed to a gnoll's poison

Illustrated notes

Levels and vault maps discovered:
D:1:      denvon_arrival_hothouse, layout_basic
D:2:      layout_rooms, grunt_ministairs_15
D:3:      minmay_angry_zag, layout_basic, mainiacjoe_overflow_six_doors_small,
          lemuel_crystal_altar
D:4:      layout_basic, elyvilon_altar_3, minmay_temple_entry_large_hall,
          grunt_decor_clamped, solitary_fountain, minmay_crossroads,
          uniq_eustachio
D:5:      layout_rooms, gammafunk_temple_overflow_wave, grunt_dithmenos_shadows,
          grunt_ministairs_15, hangedman_abyss_or_decor_stabs
D:6:      layout_cave_pods, serial_shops, nicolae_shop_trees,
          nicolae_shop_stone, shop, kennysheep_mini
Temple:   hellmonk_temple_divided_pantheon

Skill      XL: |  1  2  3  4  5  6  7  8  9 |
---------------+----------------------------+-----
Shields        | 5 |  5.0
Polearms       | 4 5 7 8 9 |  9.0
Fighting       | 4 5 6 7 |  7.5
Invocations    | 1 2 |  2.8
Armour         | |  3.2

Action                   |  1- 3 |  4- 6 |  7- 9 || total
-------------------------+-------+-------+-------++-------
Melee: Trident           |   113 |    45 |   232 ||   390
Throw: Dart              |       |     7 |     4 ||    11
 Abil: Dig               |       |     1 |     1 ||     2
  Use: Potion            |       |     1 |     1 ||     2
       Scroll            |       |       |     1 ||     1
 Stab: Distracted        |       |       |     1 ||     1
Armor: Chain mail        |    44 |    13 |    88 ||   145
Dodge: Dodged            |    36 |    17 |    86 ||   139
Block: Buckler           |    23 |     6 |    40 ||    69

Table legend: (Time is in decaauts)
 A = Elapsed time spent in this place.
 B = Non-inter-level travel time spent in this place.
 C = Inter-level travel time spent in this place.
 D = Time resting spent in this place.
 E = Time spent auto-exploring this place.
 F = Levels seen in this place.
 G = Mean time per level.
                   A        B        C        D        E       F      G
               +--------+--------+--------+--------+--------+-----+--------+
         Total |   4763 |   4629 |    134 |    510 |   3232 |   7 |  680.4 |
       Dungeon |   4667 |   4537 |    130 |    460 |   3232 |   6 |  777.8 |
        Temple |     95 |     91 |      4 |     50 |      0 |   1 |   95.0 |
               +--------+--------+--------+--------+--------+-----+--------+

Top non-repeatable levels by time:
     D:4: 1231 daAuts
     D:1: 983 daAuts
     D:3: 817 daAuts
     D:6: 763 daAuts
     D:2: 553 daAuts
     D:5: 319 daAuts
  Temple: 95 daAuts
